Map: Catallena LE (Void)

Players

Azgarok

  • Race: Terran Terran
  • League: Bronze
  • Spawn Location: 5:00

Sinloft - Winner!

  • Race: Terran Terran
  • League: Diamond
  • Spawn Location: 9:00

VOD

Have the link to the VOD?

Description

Time

  • Played on: Aug. 24, 2017, 4:43 p.m.
  • Length: 4:05
Show
View Real Time Build Order
Export as new Build Order

Azgarok Terran 

Build Orders: Reaper Expand 

Get SALT Encoding   

  12  0:01  SCV  
  13  0:13  SCV  
  14  0:20  Supply Depot  
  14  0:28  Refinery  
  14  0:45  Barracks  
  14  0:48  SCV  
  15  1:00  SCV  
  15  1:01  Barracks  
  16  1:31  Orbital Command  
  16  1:36  Reaper  
  17  1:44  Barracks  
  17  1:46  Refinery  
  17  1:59  Reaper  
  18  2:07  SCV  
  18  2:08  Reaper  
  20  2:31  Command Center, Reaper  
  21  2:39  SCV  
  21  2:40  Reaper  
  23  3:11  Supply Depot  
  23  3:25  SCV  
  23  3:31  Reaper  
  23  3:32  Reaper  
  23  3:37  Supply Depot  
  19  3:45  Marine  
Show
View Real Time Build Order
Export as new Build Order

Sinloft Terran - Winner!

Build Orders:  

Get SALT Encoding   

  12  0:01  SCV  
  13  0:13  SCV  
  14  0:25  SCV  
  14  0:26  Supply Depot  
  15  0:48  SCV  
  16  0:55  Barracks  
  16  1:00  Barracks, SCV  
  17  1:12  SCV  
  18  1:24  SCV  
  19  1:31  Barracks  
  19  1:32  Barracks  
  19  1:43  Marine  
  19  1:46  Marine  
  21  1:52  Supply Depot  
  21  1:57  Supply Depot  
  21  2:01  Marine  
  21  2:04  Marine  
  23  2:19  Marine  
  23  2:21  Marine x2  
  23  2:22  Marine  
  27  2:36  Marine  
  28  2:39  Marine x2  
  28  2:40  Marine  
  31  2:47  Supply Depot  
  31  2:54  Marine  
  31  2:57  Marine x2  
  31  2:58  Marine  
  35  3:12  Marine  
  36  3:14  Marine  
  36  3:15  Marine  
  36  3:17  Marine  
  39  3:30  Marine  
  39  3:32  Marine x2  
  39  3:34  Marine  
Tags
 
Add a new tag
Caveats
  • Supply blocks, unpowered buildings, or Contaminate may cause inaccurate times.
  • Supply counts are checked every 10 seconds.